 Dungeon Crawl Stone Soup version 0.20.0-7-g3b7b877 (webtiles) character file.

4381 Hasart the Spear-Bearer (level 10, -1/71 HPs)
             Began as an Octopode Fighter on May 29, 2017.
             Was an Initiate of Gozag.
             Slain by an unseen horror (11 damage)
             ... on level 9 of the Dungeon.
             The game lasted 00:19:08 (9671 turns).

Hasart the Spear-Bearer (Octopode Fighter)          Turns: 9671, Time: 00:19:09

Health: -1/71      AC:  1    Str: 15 (17) XL:     10   Next: 35%
Magic:  10/10      EV: 13    Int: 15 (20) God:    Gozag
Gold:   423        SH: 19    Dex: 12      Spells: 9/9 levels left

rFire    + . .     SeeInvis .   A - +6 trident (venom)
rCold    . . .     Gourm    .   l - +5 large shield of the Heavens {rElec}
rNeg     . . .     Faith    .   (helmet restricted)
rPois    +         Spirit   .   (no amulet)
rElec    +         Reflect  .   r - +5 ring of intelligence
rCorr    .         Harm     .   x - ring of protection from fire
MR       .....                  (no ring)
Stlth    ++........             (no ring)
Regen    0.3/turn               (no ring)
MPRegen  0.2/turn               (no ring)
                                (no ring)
                                (no ring)

@: brilliant, hasted, very quick
A: almost no armour, stealthy swim, amphibious, 8 rings, constrict 8, camouflage
1, deterioration 1, poison resistance, weak 1, gelatinous body 1, MP-powered
wands
a: Potion Petition, Call Merchant, Bribe Branch, Renounce Religion


You were on level 9 of the Dungeon.
You worshipped Gozag.
Gozag was aware of your devotion.
You were not hungry.

You visited 2 branches of the dungeon, and saw 10 of its levels.
You also visited: Sewer.

You collected 1195 gold pieces.
You paid 772 gold pieces to Gozag.

Inventory:

Hand Weapons
 A - a +6 trident of venom (weapon)
Armour
 l - the +5 large shield of the Heavens (worn) {rElec}
   (You found it on level 5 of the Dungeon)

   It insulates you from electricity.
Jewellery
 a - a +1 ring of slaying {unknown}
 r - a +5 ring of intelligence (left tentacle)
 x - a ring of protection from fire (right tentacle)
Wands
 t - a wand of flame (29/48)
 z - a wand of scattershot (6/9)
Scrolls
 e - 5 scrolls of remove curse
 f - a scroll of blinking
 g - 8 scrolls of identify
 i - 5 scrolls of teleportation
 k - 3 scrolls of recharging
 m - 2 scrolls of brand weapon
 n - a scroll of fear
 q - 3 scrolls of amnesia
Potions
 c - 2 potions of flight
 j - a potion of haste
 o - 2 potions of curing
 w - 2 potions of heal wounds
Books
 h - a book of Changes

   Spells                             Type                      Level
   a - Beastly Appendage              Transmutation                1
   b - Sticks to Snakes               Transmutation                2
   c - Spider Form                    Transmutation/Poison         3
   d - Ice Form                       Ice/Transmutation            4
   e - Blade Hands                    Transmutation                5
Comestibles
 b - a royal jelly
 d - 4 bread rations
 u - a meat ration


   Skills:
 + Level 7.2 Fighting
 * Level 9.8 Polearms
 + Level 7.3 Dodging
 + Level 7.1 Shields


You had 9 spell levels left.
You didn't know any spells.

Dungeon Overview and Level Annotations

Branches:
Dungeon (9/15)             Temple (1/1) D:5
   Lair: D:8-11         Orc: D:9-12

Altars:
Dithmenos
Elyvilon
Gozag
Hepliaklqana
Kikubaaqudgha
Makhleb
Nemelex Xobeh
Qazlal
Ru
Sif Muna
Uskayaw

Shops:
D:6 (


Innate Abilities, Weirdness & Mutations

You cannot wear most types of armour.
You are very stealthy in the water. (Stealth+)
You are amphibious.
You can wear up to eight rings at the same time.
You can use your tentacles to constrict eight enemies at once.
Your skin changes colour to match your surroundings (Stealth+).
Your rubbery body absorbs attacks. (AC +1, EV +1)
Your body sometimes deteriorates upon taking damage.
Your system is resistant to poisons. (rPois)
You are weak. (Str -2)
You expend magic power (3 MP) to strengthen your wands.


Message History

Something hits you!
Your body deteriorates!
You feel dopey.
You hit something. Something hits you!
It was a potion of brilliance.
You feel clever all of a sudden. Something hits you but does no damage.
You feel much better. Something hits you but does no damage.
You feel yourself speed up. Something hits you. Something hits you! x2
Your body deteriorates!
You feel dopey.
You closely miss something. You squeeze something. Something hits you!
* * * LOW HITPOINT WARNING * * *
You miss something. Something hits you.
* * * LOW HITPOINT WARNING * * *
Attack whom?
Press: ? - help, Dir - move target cursor You reach to attack!
You hit something. You block something's attack.
You puncture something! Something hits you!
You die...
Your body crumbles into a pile of gold.

# ## ####
##.###.####+####..##
............#......#
.......<....#......#
............#......#
............#......#
.$..........#......#
#..######.$###'##.##
#. ##.)###@#### #
#.....{..#
#........#
#......<.#
#........#
#........#
##########


There were no monsters in sight!

Vanquished Creatures
  2 two-headed ogres (D:8)
  Sigmund (D:2)
  Menkaure (D:7)
  An orc warrior (D:7)
  A sky beast (D:8)
  4 ice beasts
  A necrophage (D:7)
  A phantom (D:8)
  7 centaurs
  A big kobold (Sewer)
  3 bullfrogs
  A gnoll sergeant (D:8)
  A wyvern skeleton (D:8)
  A crimson imp (D:8)
  A howler monkey (D:8)
  2 centaur zombies
  A quasit (D:6)
  A bullfrog zombie (D:5)
  A centaur skeleton (D:7)
  2 hounds
  A jelly (D:6)
  4 orc priests
  5 orc wizards
  Ijyb (D:3)
  Jessica (D:2)
  An iguana (D:7)
  7 worker ants
  A hound skeleton (D:4)
  8 gnolls
  A river rat (Sewer)
  12 adders
  An ooze (D:1)
  An adder zombie (D:6)
  2 adder skeletons
  2 worms
  A dart slug (D:2)
  6 leopard geckos
  33 orcs
  A ball python (D:2)
  4 bats
  8 giant cockroaches
  7 goblins
  5 hobgoblins
  5 jackals
  7 kobolds
  2 quokkas
  12 frilled lizards
  A jackal zombie (D:7)
  A leopard gecko skeleton (D:5)
  22 rats
197 creatures vanquished.

Notes
Turn   | Place    | Note
-------+----------+-------------------------------------------
     0 | D:1      | Hasart the Octopode Fighter began the quest for the Orb.
     0 | D:1      | Reached XP level 1. HP: 16/16 MP: 1/1
    78 | D:1      | Reached XP level 2. HP: 16/21 MP: 2/2
   415 | D:1      | Reached XP level 3. HP: 26/26 MP: 3/3
   699 | D:1      | Reached skill level 3 in Polearms
  1135 | D:2      | Noticed Sigmund
  1148 | D:2      | Killed Sigmund
  1148 | D:2      | Reached skill level 4 in Polearms
  1148 | D:2      | Reached XP level 4. HP: 16/33 MP: 4/4
  1148 | D:2      | Reached XP level 5. HP: 18/37 MP: 5/5
  1445 | D:2      | Noticed Jessica
  1453 | D:2      | Killed Jessica
  1453 | D:2      | Reached XP level 6. HP: 43/43 MP: 6/6
  2045 | D:3      | Found a shadowy altar of Dithmenos.
  2053 | D:3      | Noticed Ijyb
  2089 | D:3      | Killed Ijyb
  2885 | D:4      | Found a glowing drain.
  2901 | Sewer    | Entered a sewer
  3032 | Sewer    | Reached skill level 5 in Polearms
  3032 | Sewer    | Reached XP level 7. HP: 31/49 MP: 7/7
  3243 | Sewer    | Found a white marble altar of Elyvilon.
  3389 | D:4      | Found a stormy altar of Qazlal.
  4048 | D:4      | Found a deep blue altar of Sif Muna.
  4224 | D:5      | Entered Level 5 of the Dungeon
  4224 | D:5      | Found a sparkling altar of Nemelex Xobeh.
  4341 | D:5      | HP: 2/49 [centaur (6)]
  4660 | D:5      | Found a staircase to the Ecumenical Temple.
  4689 | Temple   | Entered the Ecumenical Temple
  4711 | Temple   | Became a worshipper of Gozag Ym Sagoz the Greedy
  5062 | D:5      | Reached XP level 8. HP: 53/54 MP: 8/8
  5118 | D:5      | Found a white marble altar of Elyvilon.
  5245 | D:5      | Reached skill level 5 in Fighting
  5282 | D:5      | Reached skill level 6 in Polearms
  5282 | D:5      | Reached skill level 5 in Dodging
  5394 | D:5      | Reached skill level 5 in Shields
  5407 | D:5      | Got a pitted large shield
  5418 | D:5      | Identified the +5 large shield of the Heavens {rElec} (You found it on level 5 of the Dungeon)
  5744 | D:6      | Found Zyotut's Weapon Shop.
  5907 | D:6      | Found a sacrificial altar of Ru.
  6264 | D:6      | Reached skill level 7 in Polearms
  6531 | D:7      | Reached XP level 9. HP: 42/62 MP: 9/9
  6875 | D:7      | Noticed Menkaure
  6880 | D:7      | Killed Menkaure
  7115 | D:7      | Reached skill level 8 in Polearms
  7854 | D:8      | Noticed a two-headed ogre
  7885 | D:8      | Killed a two-headed ogre
  7885 | D:8      | Reached skill level 9 in Polearms
  7885 | D:8      | Reached XP level 10. HP: 38/69 MP: 10/10
  8102 | D:8      | Noticed a two-headed ogre
  8164 | D:8      | Gained mutation: Your body sometimes deteriorates upon taking damage. [potion of mutation]
  8164 | D:8      | Gained mutation: You expend magic power (3 MP) to strengthen your wands. [potion of mutation]
  8164 | D:8      | Gained mutation: You are weak. (Str -2) [potion of mutation]
  8164 | D:8      | Gained mutation: Your system is resistant to poisons. (rPois) [potion of mutation]
  8194 | D:8      | Killed a two-headed ogre
  9671 | D:9      | Slain by an unseen horror

Skill      XL: |  1  2  3  4  5  6  7  8  9 10 |
---------------+-------------------------------+-----
Polearms       | 4 5 7 9 |  9.8
Dodging        | 4 5 6 7 |  7.3
Shields        | 4 5 6 7 |  7.1
Fighting       | 4 5 6 7 |  7.2

Action                   |  1- 3 |  4- 6 |  7- 9 | 10-12 || total
-------------------------+-------+-------+-------+-------++-------
Melee: Trident           |    58 |   137 |   315 |    76 ||   586
       Constrict         |    16 |    28 |    52 |     9 ||   105
       Tentacles         |     7 |    20 |    62 |    14 ||   103
Invok: Potion Petition   |       |       |     2 |       ||     2
Evoke: Wand              |       |       |       |     4 ||     4
  Use: Scroll            |     1 |       |     1 |     8 ||    10
       Potion            |     1 |     1 |     2 |     8 ||    12
 Stab: Sleeping          |     7 |     9 |     9 |     1 ||    26
       Distracted        |       |     1 |       |       ||     1
  Eat: Chunk             |       |     6 |     7 |       ||    13
       Fruit             |       |       |     4 |       ||     4
       Royal jelly       |       |       |     2 |       ||     2
       Meat ration       |       |       |     1 |     1 ||     2
Armor: Skin              |     2 |     4 |     5 |     2 ||    13
Dodge: Dodged            |    17 |    62 |    76 |    12 ||   167
Block: Shield            |    15 |    55 |    59 |       ||   129
       Large shield      |       |       |   150 |    49 ||   199
